 Dungeon Crawl Stone Soup version 0.30-a0-359-gd0147acb1a (webtiles) character file.

Game seed: 16414272378300812265

74 pokeman the Magician (level 4, -5/25 HPs)
             Began as a Deep Elf Hedge Wizard on Nov 11, 2022.
             Slain by Crazy Yiuf
             ... wielding a +3 quarterstaff of chaos
              (8 damage)
             ... on level 2 of the Dungeon.
             The game lasted 00:03:13 (2209 turns).

pokeman the Magician (Deep Elf Hedge Wizard)        Turns: 2209, Time: 00:03:14

Health: -5/25      AC:  2    Str:  7    XL:     4   Next: 10%
Magic:  0/13       EV: 12    Int: 21    God:
Gold:   52         SH:  0    Dex: 14    Spells: 6/14 levels left

rFire   . . .      SeeInvis .    a - +0 dagger
rCold   . . .      Faith    .    (no shield)
rNeg    . . .      Spirit   .    b - +0 robe
rPois   .          Reflect  .    c - +0 hat
rElec   .          Harm     .    (no cloak)
rCorr   .          Rampage  .    (no gloves)
Will    .....                    (no boots)
Stlth   ++........               (no amulet)
HPRegen 0.24/turn                (no ring)
MPRegen 0.13/turn                (no ring)

@: no status effects
A: no striking features
a: no special abilities


You were on level 2 of the Dungeon.
You visited 1 branch of the dungeon, and saw 2 of its levels.

You collected 52 gold pieces.

Inventory:

Hand Weapons
 a - a +0 dagger (weapon)
Missiles
 h - 5 poisoned darts
Armour
 b - a +0 robe (worn)
 c - a +0 hat (worn)
 i - a +0 buckler
Scrolls
 f - a scroll of enchant armour {unknown}
 g - 2 scrolls of torment {unknown}
 l - a scroll of vulnerability {unknown}
Potions
 d - a potion of magic
 e - a potion of degeneration {unknown}
 j - 3 potions of curing {unknown}
 k - 3 potions of heal wounds {unknown}
 m - a potion of haste {unknown}


   Skills:
 - Level 1.0 Fighting
 - Level 1.0 Armour
 + Level 2.5 Dodging
 - Level 2.4 Stealth
 + Level 0.1 Shields
 * Level 5.5 Spellcasting
 + Level 2.1 Conjurations
 - Level 1.1 Summonings
 - Level 1.1 Translocations


You had 6 spell levels left.
You knew the following spells:

 Your Spells              Type           Power      Damage    Failure   Level
a - Magic Dart            Conj           56%        1d5       4%          1
b - Mephitic Cloud        Conj/Pois/Air  8%         N/A       22%         3
c - Call Imp              Summ           10%        N/A       10%         2
d - Blink                 Tloc           20%        N/A       10%         2

Your spell library contained the following spells:

 Spells                   Type           Power      Damage    Failure   Level
 Slow                     Hex            20%        N/A       11%         1
 Cigotuvi's Dreadful Rot  Necr/Pois/Air  10%        N/A       16%         2


Dungeon Overview and Level Annotations

Branches:
Dungeon (2/15)

Altars:

Annotations:
D:2 Crazy Yiuf


Message History

Confirm with . or Enter, or press ? or * to list all spells.
Aiming: Magic Dart (safe; 4% risk of failure)
Press: ? - help, Shift-Dir - straight line, f/p - Crazy Yiuf
Aim: Crazy Yiuf, wielding a +3 quarterstaff of chaos and wearing a +2 cloak of stealth (almost dead, confused, 100% to hit)
The magic dart hits Crazy Yiuf but does no damage.
Crazy Yiuf is almost dead.
Unknown command.
Casting: Magic Dart (safe; 4% risk of failure)
Confirm with . or Enter, or press ? or * to list all spells.
Aiming: Magic Dart (safe; 4% risk of failure)
Press: ? - help, Shift-Dir - straight line, f/p - Crazy Yiuf
Aim: Crazy Yiuf, wielding a +3 quarterstaff of chaos and wearing a +2 cloak of stealth (almost dead, confused, 100% to hit)
The magic dart hits Crazy Yiuf but does no damage.
Crazy Yiuf is almost dead.
Unknown command.
You strike the helpless Crazy Yiuf from behind!
You hit Crazy Yiuf.
Crazy Yiuf is almost dead.
Crazy Yiuf hits you with a +3 quarterstaff of chaos!
Crazy Yiuf burns you.
You hit Crazy Yiuf but do no damage.
Crazy Yiuf is almost dead.
You hit Crazy Yiuf but do no damage.
Crazy Yiuf is almost dead.
You hit Crazy Yiuf but do no damage.
Crazy Yiuf is almost dead.
Crazy Yiuf hits you with a +3 quarterstaff of chaos!
* * * LOW HITPOINT WARNING * * *
Crazy Yiuf freezes you.
* * * LOW HITPOINT WARNING * * *
Casting: Magic Dart (safe; 4% risk of failure)
Confirm with . or Enter, or press ? or * to list all spells.
Aiming: Magic Dart (safe; 4% risk of failure)
Press: ? - help, Shift-Dir - straight line, f/p - Crazy Yiuf
Aim: Crazy Yiuf, wielding a +3 quarterstaff of chaos and wearing a +2 cloak of stealth (almost dead, confused, 100% to hit)
The magic dart hits Crazy Yiuf but does no damage.
Crazy Yiuf is almost dead.
Crazy Yiuf says, "This beard itches something crazy!"
Crazy Yiuf hits you with a +3 quarterstaff of chaos!
You die...

#.## #...# ###.###
#....รท.#.) # #.# #.#.#
#.....# #.#....#.. ## #.#
##### #########.##.#.#..
.# #.# #..#.####.#.. ##
#.# ##.#.# #.#.. # #.# ###
#####.#.# ##.#.# #.#
#)..### ##..#..#.###....#
#.#
#...'.####................
#.#
#...##..#@#....##.#.##.#..
####.# ###
###g#...#.....###.#.#
.....# #######...........#
###### #.###.###.#.#
#############............
#.....................#.#
##...###############...##
##### #####


You could see Crazy Yiuf (confused).

Vanquished Creatures
  4 adders (D:2)
  A ball python (D:1)
  4 endoplasms
  3 giant cockroaches
  3 hobgoblins
  4 jackals (D:1)
  5 kobolds
  3 bats
  3 frilled lizards
  4 goblins
  5 rats
39 creatures vanquished.

Notes
Turn   | Place    | Note
-------+----------+-------------------------------------------
     0 | D:1      | pokeman the Deep Elf Hedge Wizard began the quest for the
                  | Orb.
     0 | D:1      | Reached XP level 1. HP: 10/10 MP: 7/7
   415 | D:1      | Reached XP level 2. HP: 8/16 MP: 9/9
   892 | D:1      | Reached skill level 5 in Spellcasting
  1220 | D:2      | Reached XP level 3. HP: 20/20 MP: 4/11
  1224 | D:2      | Learned a level 3 spell: Mephitic Cloud
  1227 | D:2      | Learned a level 2 spell: Call Imp
  1230 | D:2      | Learned a level 2 spell: Blink
  1432 | D:2      | Reached skill level 1 in Fighting
  1618 | D:2      | Reached skill level 1 in Armour
  1711 | D:2      | Found a runed translucent door.
  1712 | D:2      | Noticed Crazy Yiuf
  1901 | D:2      | Reached XP level 4. HP: 25/25 MP: 7/13
  2209 | D:2      | Slain by Crazy Yiuf

Illustrated notes

Levels and vault maps discovered:
D:1:      lightli_iron_boxes, layout_basic
D:2:      layout_loops_ring, uniq_crazy_yiuf_cottage

Skill      XL: |  1  2  3 |
---------------+----------+-----
Spellcasting   | 5 |  5.5
Fighting       | 1 |  1.0
Conjurations   | 2 |  2.1
Armour         | 1 |  1.0
Dodging        | |  2.5
Stealth        | |  2.4
Shields        | |  0.1
Summonings     | |  1.1
Translocations | |  1.1

Action                   |  1- 3 |  4- 6 || total
-------------------------+-------+-------++-------
Melee: Dagger            |    11 |     4 ||    15
Throw: Dart              |     5 |       ||     5
 Cast: Magic Dart        |   100 |    11 ||   111
       Call Imp          |       |     2 ||     2
       Mephitic Cloud    |       |     1 ||     1
 Stab: Confused          |       |     1 ||     1
Armor: Robe              |     7 |       ||     7
Dodge: Dodged            |    25 |       ||    25

Table legend: (Time is in decaauts)
 A = Elapsed time spent in this place.
 B = Non-inter-level travel time spent in this place.
 C = Inter-level travel time spent in this place.
 D = Time resting spent in this place.
 E = Time spent auto-exploring this place.
 F = Levels seen in this place.
 G = Mean time per level.
                   A        B        C        D        E       F      G
               +--------+--------+--------+--------+--------+-----+--------+
         Total |   2208 |   2197 |     11 |      0 |   1937 |   2 | 1104.0 |
       Dungeon |   2208 |   2197 |     11 |      0 |   1937 |   2 | 1104.0 |
               +--------+--------+--------+--------+--------+-----+--------+

Top non-repeatable levels by time:
     D:2: 1239 daAuts
     D:1: 969 daAuts
